 Dungeon Crawl Stone Soup version 0.21.0-25-ge575cb9ce8 (webtiles) character file.

216169 bartorex the Brawler (level 17, 0/183 HPs)
             Began as a Troll Berserker on Jan 26, 2018.
             Was the Champion of Trog.
             Slain by a vault warden
             ... wielding a +2 glaive of chopping
              (33 damage)
             ... on level 2 of the Vaults on Jan 27, 2018.
             The game lasted 03:23:39 (26247 turns).

bartorex the Brawler (Troll Berserker)             Turns: 26247, Time: 03:23:39

Health: 0/183      AC: 24    Str: 29    XL:     17   Next: 90%
Magic:  16/16      EV: 25    Int:  3    God:    Trog [******]
Gold:   2519       SH: 22    Dex: 19    Spells: 16/16 levels left

rFire    + . .     SeeInvis .     - Unarmed
rCold    + + +     Gourm    +   O - +0 large shield
rNeg     . . .     Faith    .   N - +8 ice dragon scales of the Beggar {rF- rC++ Dex+5 Slay+3}
rPois    .         Spirit   .   E - +1 hat
rElec    .         Reflect  .   G - scarf {rC+ rF+}
rCorr    .         Harm     .   (gloves unavailable)
MR       +....     Rnd*Rage +   (boots unavailable)
Stlth    ..........             (no amulet)
HPRegen  0.80/turn              t - +5 ring of evasion
MPRegen  0.15/turn              s - +4 ring of evasion

@: hasted and slowed
A: large, unfitting armour, claws 3, talons 1, berserk 1, fire resistance 1,
fast metabolism 3, gourmand, regeneration 1, robust 1, shaggy fur 1, tough skin
2, sturdy frame 1
}: 2/15 runes: decaying, serpentine
a: Berserk, Trog's Hand, Brothers in Arms, Burn Spellbooks, Renounce Religion


You were on level 2 of the Vaults.
You worshipped Trog.
Trog was exalted by your worship.
You were full.

You visited 6 branches of the dungeon, and saw 31 of its levels.
You also visited: Labyrinth and Sewer.

You collected 2599 gold pieces.
You spent 80 gold pieces at shops.

Inventory:

Missiles
 n - 18 large rocks (quivered)
Armour
 k - a +2 cloak
 u - +0 ice dragon scales
 E - a +1 hat (worn)
 G - a scarf of resistance (worn)
 N - the +8 ice dragon scales of the Beggar (worn) {rF- rC++ Dex+5 Slay+3}
   (You acquired it on level 2 of the Snake Pit)

   It affects your dexterity (+5).
   It affects your accuracy and damage with ranged weapons and melee attacks
   (+3).
   It makes you vulnerable to fire.
   It greatly protects you from cold.
 O - a +0 large shield (worn)
 S - +0 swamp dragon scales
 U - +0 steam dragon scales
Jewellery
 l - an uncursed amulet of faith
 p - a +4 ring of dexterity
 s - a +4 ring of evasion (right claw)
 t - a +5 ring of evasion (left claw)
 y - an uncursed ring of flight
 C - a ring of the Octopus King {MP+9 AC+1 EV+1 Str+1 Int+1 Dex+1}
   (You found it on level 1 of the Vaults)

   [ring of magical power]

   It affects your AC (+1).
   It affects your evasion (+1).
   It affects your strength (+1).
   It affects your intelligence (+1).
   It affects your dexterity (+1).
   It affects your magic capacity (+9).
 D - an uncursed ring of poison resistance
 H - an uncursed ring of fire
 J - an uncursed ring of flight
 Y - an uncursed ring of fire
Scrolls
 d - 2 scrolls of teleportation
 i - 11 scrolls of remove curse
 q - 6 scrolls of magic mapping
 z - 6 scrolls of enchant weapon
 B - 5 scrolls of identify
 L - 2 scrolls of fog
 Q - a scroll of blinking
 W - 3 scrolls of fear
 X - a scroll of enchant armour
Potions
 c - a potion of mutation
 e - 6 potions of magic
 f - 4 potions of berserk rage
 g - 7 potions of curing
 h - 4 potions of brilliance
 j - 3 potions of cancellation
 m - a potion of haste
 o - 9 potions of flight
 r - 2 potions of might
 w - a potion of resistance
 x - a potion of agility {unknown}
 A - a potion of ambrosia {unknown}
 F - 2 potions of invisibility
Miscellaneous
 a - a phantom mirror
 v - a crystal ball of energy
 K - a box of beasts
 R - a crystal ball of energy
 T - a fan of gales
Comestibles
 b - 24 rations
 I - 14 chunks of flesh


   Skills:
 - Level 10.6 Fighting
 + Level 9.6 Armour
 - Level 11.2 Dodging
 - Level 15.2 Shields
 - Level 17.6 Unarmed Combat


You had 16 spell levels left.
You didn't know any spells.

Dungeon Overview and Level Annotations

Branches:
Dungeon (13/15)            Temple (0/1) D:4            Lair (6/6) D:10
  Swamp (4/4) Lair:3        Snake (4/4) Lair:4        Slime (0/5) Lair:5
    Orc (2/2) D:12            Elf (0/3) Orc:2        Vaults (2/5) D:13
  Crypt: Vaults:2-3

Altars:
Fedhas
Okawaru
Qazlal
Xom
Beogh
Jiyva

Shops:
D:6 *(=   D:9 !   D:11 [   D:13 *   Orc:2 (*   Snake:1 :}(?

Annotations:
Lair:6 exclusion: 3 oklob plants


Innate Abilities, Weirdness & Mutations

You are too large for most types of armour.
You have claws for hands.
Your metabolism is lightning-fast.
You like to eat raw meat.
Your natural rate of healing is unusually fast.
You are covered in fur. (AC +1)
You have very tough skin. (AC +2)
You have sharp toenails.
You tend to lose your temper in combat.
Your flesh is heat resistant. (rF+)
You are robust. (+10% HP)
Your movements are slightly less encumbered by armour. (ER -2)


Message History

The yaktaur hits you.
You can move again.
Your stone giant goes berserk!
You feel quite a bit less full. You block the ogre mage's attack.
The vault warden misses you.
The skeletal warrior hits you but does no damage.
The vault guard completely misses you. The yaktaur hits you.
The ogre mage hits you but does no damage.
The vault warden hits you from afar with a glaive of chopping!
* * * LOW HITPOINT WARNING * * *
x2 You block the skeletal warrior's attack.
You feel yourself speed up. You block the ogre mage's attack.
The yaktaur closely misses you.
The vault guard hits you with a great mace!
* * * LOW HITPOINT WARNING * * *
Your stone giant hits the skeletal warrior but does no damage.
The ogre mage misses you. The skeletal warrior misses you.
You block the yaktaur's attack.
The vault warden hits you from afar with a glaive of chopping!!
You die...

##############
+............#
#............#
#............#
#............#
#............#..#.#.....
#......zp....#..........
#.....CTcp...#..........
########'#####..........
.......O...............
.......................
........(..............
.......................
#######################


You could see a vault warden, a vault guard, a skeletal warrior, an ogre mage, a
yaktaur and a friendly stone giant (berserk).

Vanquished Creatures
  Vashnia (Snake:4)
  Jorgrun (Snake:3)
  A thorn hunter (Swamp:4)
  7 nagarajas
  An orc warlord (Orc:2)
  A vault warden (Vaults:1)
  Aizul (Snake:4)
  A stone giant (Orc:2)
  An ironheart preserver (Vaults:2)
  An ettin (Orc:2)
  Snorg (Lair:6)
  A fire dragon (Vaults:2)
  A minotaur (Lab)
  2 rakshasas (Vaults:1)
  2 yaktaur captains
  A great orb of eyes (Vaults:2)
  The ghost of MalkierKing the Cleaver, a journeyman MiFi of Makhleb (D:11)
  16 hydras
  An ice dragon (Vaults:1)
  A vault guard (Vaults:2)
  A catoblepas (Lair:4)
  10 naga warriors
  5 centaur warriors
  The ghost of TheWayOfAllFlesh the Nimble, a journeyman VSEn of Dithmenos (D:11)
  Erica (D:9)
  A ghost crab (Swamp:2)
  5 anacondas
  13 two-headed ogres
  3 ogre magi (Vaults:1)
  9 alligators
  14 spriggans
  An orc high priest (Orc:2)
  2 shock serpents (Snake:4)
  17 naga sharpshooters
  The ghost of Bapho the Unseen, a novice KoBe of Trog (D:9)
  The ghost of MalkierKing the Cleaver, a novice MiFi of Makhleb (D:6)
  A sixfirhy (D:13)
  4 skeletal warriors (Vaults:1)
  3 spriggan druids (Swamp:4)
  8 naga ritualists
  10 swamp dragons
  3 deep trolls (Vaults:2)
  A wizard (Vaults:1)
  3 unseen horrors
  3 shambling mangroves
  Pikel (D:8)
  4 ironbrand convokers
  A harpy (shapeshifter) (Vaults:1)
  5 orc knights
  7 mana vipers
  4 orc sorcerers
  A wolf spider (Vaults:1)
  3 ugly things
  5 salamanders
  A cyclops (D:13)
  14 naga magi
  2 vault sentinels (Vaults:1)
  Psyche (D:8)
  34 black mambas
  18 spiny frogs
  3 rime drakes
  A kobold demonologist (D:12)
  10 komodo dragons
  4 yaktaurs
  The ghost of ShornTheSheep the Cudgeler, an amateur GnBe of Trog (D:4)
  9 trolls
  15 hornets
  4 polar bears
  5 tyrant leeches
  A hornet (shapeshifter) (Vaults:1)
  17 slime creatures
  9 dream sheep (Lair:6)
  8 bog bodies
  6 hippogriffs
  7 blink frogs
  2 redbacks (Lab)
  2 wraiths
  22 yaks
  A spriggan (shapeshifter) (Vaults:2)
  A shadow (Swamp:1)
  A tarantella (shapeshifter) (Vaults:1)
  A basilisk (Lair:3)
  3 wyverns
  4 hogs (Lair:6)
  2 steam dragons (D:12)
  Grum (Lair:1)
  A hungry ghost (D:13)
  20 vampire mosquitoes
  8 insubstantial wisps
  3 wargs
  17 swamp worms
  23 nagas
  13 water moccasins
  12 swamp drakes
  11 porcupines
  2 sky beasts
  3 ice beasts
  24 orc warriors
  4 phantoms
  6 black bears
  27 wolves
  9 ogres
  14 centaurs
  4 boggarts (Lair:6)
  10 crocodiles
  A big kobold (D:10)
  7 bullfrogs
  6 killer bees (D:12)
  3 wights (D:8)
  4 howler monkeys
  2 electric eels
  5 crimson imps
  2 bullfrog zombies
  6 hounds
  7 jellies
  14 orc priests
  23 orc wizards
  A bullfrog skeleton (D:9)
  A centaur skeleton (D:7)
  3 iguanas
  Natasha (twice) (D:2)
  7 hell rats (Lair:3)
  A merfolk siren (Sewer)
  10 worker ants
  2 merfolk avatars
  A hound zombie (D:11)
  2 worker ant zombies
  7 gnolls
  9 adders
  2 river rats (Sewer)
  A shadow imp (D:12)
  7 oozes
  2 adder skeletons
  An adder zombie (D:10)
  5 worms
  2 dart slugs
  9 leopard geckos
  56 orcs
  9 ball pythons
  6 bats
  7 giant cockroaches
  6 hobgoblins
  19 jackals
  2 quokkas (D:6)
  3 frilled lizards
  7 goblins
  9 kobolds
  2 leopard gecko skeletons (D:5)
  33 rats
  A butterfly (D:5)
  5 plants
936 creatures vanquished.

Vanquished Creatures (collateral kills)
  Gastronok (Lair:2)
  A thorn hunter (Swamp:4)
  A nagaraja (Snake:4)
  A hydra (Lair:3)
  A ghost crab (Swamp:4)
  3 naga sharpshooters (Snake:4)
  Nergalle (Lair:2)
  2 naga ritualists (Snake:4)
  2 black mambas
  2 naga magi (Snake:4)
  A rime drake (Lair:6)
  3 blink frogs (Lair:6)
  A basilisk (Lair:2)
  2 black bears (Lair:6)
  A crocodile (Lair:6)
  2 briar patches (Swamp:4)
25 creatures vanquished.

Vanquished Creatures (others)
  A hornet (Swamp:4)
  A spriggan (Swamp:4)
  A sky beast (D:5)
  2 briar patches (Swamp:4)
  17 fungi
  13 plants
35 creatures vanquished.

Grand Total: 996 creatures vanquished

Notes
Turn   | Place    | Note
-------+----------+-------------------------------------------
     0 | D:1      | bartorex the Troll Berserker began the quest for the Orb.
     0 | D:1      | Reached XP level 1. HP: 22/22 MP: 0/0
   192 | D:1      | Reached XP level 2. HP: 29/29 MP: 1/1
   316 | D:1      | Reached skill level 4 in Unarmed Combat
   597 | D:1      | Reached ** piety under Trog
   610 | D:1      | Reached XP level 3. HP: 36/36 MP: 2/2
   800 | D:2      | You fall through a shaft for 2 floors!
   853 | D:4      | Reached skill level 5 in Unarmed Combat
   853 | D:4      | Reached XP level 4. HP: 24/44 MP: 3/3
  1072 | D:3      | Reached XP level 5. HP: 49/50 MP: 4/4
  1158 | D:3      | Reached skill level 6 in Unarmed Combat
  1187 | D:3      | Reached *** piety under Trog
  1915 | D:2      | Found a blossoming altar of Fedhas.
  2002 | D:2      | Noticed Natasha
  2009 | D:2      | Killed Natasha
  2076 | D:2      | Noticed Natasha
  2081 | D:2      | Killed Natasha
  2271 | D:4      | Noticed ShornTheSheep's ghost (amateur GnBe)
  2285 | D:4      | Killed ShornTheSheep's ghost
  2285 | D:4      | Reached skill level 7 in Unarmed Combat
  2285 | D:4      | Reached XP level 6. HP: 52/59 MP: 5/5
  2680 | D:4      | Reached skill level 8 in Unarmed Combat
  2680 | D:4      | Reached XP level 7. HP: 63/66 MP: 6/6
  2726 | D:4      | Found a staircase to the Ecumenical Temple.
  2775 | D:5      | Entered Level 5 of the Dungeon
  2843 | D:5      | Reached skill level 9 in Unarmed Combat
  3260 | D:5      | Reached XP level 8. HP: 67/74 MP: 7/7
  3292 | D:5      | Found a glowing drain.
  3315 | Sewer    | Entered a sewer
  3335 | Sewer    | Reached **** piety under Trog
  3453 | Sewer    | Reached skill level 10 in Unarmed Combat
  4046 | D:6      | Found Wolyirch's Jewellery Boutique.
  4204 | D:6      | Noticed MalkierKing's ghost (novice MiFi)
  4218 | D:6      | Reached skill level 11 in Unarmed Combat
  4223 | D:6      | Killed MalkierKing's ghost
  4223 | D:6      | Reached skill level 12 in Unarmed Combat
  4223 | D:6      | Reached XP level 9. HP: 78/80 MP: 8/8
  4334 | D:6      | Found Pydonomn's Weapon Shoppe.
  4475 | D:6      | Found Fahoz's General Store.
  4742 | D:7      | Reached ***** piety under Trog
  4887 | D:7      | Found a stormy altar of Qazlal.
  5057 | D:7      | Reached skill level 13 in Unarmed Combat
  5103 | D:8      | Noticed a two-headed ogre
  5115 | D:8      | Killed a two-headed ogre
  5166 | D:8      | Reached skill level 5 in Dodging
  5244 | D:8      | Noticed Psyche
  5252 | D:8      | Killed Psyche
  5252 | D:8      | Reached XP level 10. HP: 46/88 MP: 9/9
  5631 | D:8      | Noticed Pikel
  5643 | D:8      | Killed Pikel
  5759 | D:8      | Gained mutation: Your mind is acute. (Int +2) [potion of mutation]
  5759 | D:8      | Gained mutation: Your magical capacity is low. (-10% MP) [potion of mutation]
  5759 | D:8      | Gained mutation: You are robust. (+10% HP) [potion of mutation]
  5760 | D:8      | Lost mutation: Your mind is acute. (Int +2) [potion of mutation]
  5760 | D:8      | Lost mutation: Your magical capacity is low. (-10% MP) [potion of mutation]
  5760 | D:8      | Lost mutation: You are robust. (+10% HP) [potion of mutation]
  5760 | D:8      | Gained mutation: Your magical capacity is low. (-10% MP) [potion of mutation]
  5760 | D:8      | Gained mutation: You are clumsy. (Dex -2) [potion of mutation]
  5760 | D:8      | Gained mutation: Your flesh is heat resistant. (rF+) [potion of mutation]
  5761 | D:8      | Lost mutation: You are clumsy. (Dex -2) [potion of mutation]
  5761 | D:8      | Lost mutation: Your magical capacity is low. (-10% MP) [potion of mutation]
  5761 | D:8      | Gained mutation: You are robust. (+10% HP) [potion of mutation]
  5761 | D:8      | Gained mutation: You have sharp toenails. [potion of mutation]
  5761 | D:8      | Gained mutation: You tend to lose your temper in combat. [potion of mutation]
  5761 | D:8      | Gained mutation: Your movements are slightly less encumbered by armour. (ER -2) [potion of mutation]
  5797 | D:9      | Noticed a two-headed ogre
  5806 | D:9      | Killed a two-headed ogre
  5926 | D:9      | Found an iron altar of Okawaru.
  6044 | D:9      | Noticed Erica
  6061 | D:9      | Killed Erica
  6104 | D:9      | Received a gift from Trog
  6169 | D:9      | Found Oxkera's Distillery.
  6209 | D:9      | Noticed Bapho's ghost (novice KoBe)
  6228 | D:9      | Killed Bapho's ghost
  6440 | D:10     | Entered Level 10 of the Dungeon
  6476 | D:10     | Reached XP level 11. HP: 101/103 MP: 10/10
  6894 | D:10     | Reached skill level 10 in Dodging
  7027 | D:10     | Killed an unseen horror
  7148 | D:10     | Found a staircase to the Lair.
  7157 | Lair:1   | Entered Level 1 of the Lair of Beasts
  7510 | Lair:1   | Noticed Grum
  7527 | Lair:1   | Killed Grum
  8016 | Lair:2   | Noticed Nergalle
  8021 | Lair:2   | Killed Nergalle
  8230 | Lair:2   | Reached skill level 5 in Fighting
  8448 | Lair:2   | Noticed Gastronok
  8460 | Lair:2   | Killed Gastronok
  8665 | Lair:2   | Reached XP level 12. HP: 121/125 MP: 11/11
  8734 | Lair:3   | Noticed a six-headed hydra
  8951 | Lair:3   | Found a staircase to the Swamp.
  9261 | Lair:3   | Noticed a four-headed hydra
  9264 | Lair:3   | Killed a five-headed hydra
  9353 | Lair:3   | Killed an eight-headed hydra
  9976 | Lair:4   | Noticed a catoblepas
  9990 | Lair:4   | Killed a catoblepas
  9990 | Lair:4   | Reached skill level 10 in Fighting
 10049 | Lair:4   | Received a gift from Trog
 10184 | Lair:4   | Found a staircase to the Snake Pit.
 10610 | Lair:5   | Noticed a five-headed hydra
 10651 | Lair:5   | Killed a seven-headed hydra
 10765 | Lair:5   | Found a viscous altar of Jiyva.
 10766 | Lair:5   | Found a staircase to the Slime Pits.
 10897 | Lair:5   | Reached XP level 13. HP: 148/148 MP: 12/12
 11432 | Lair:6   | Entered Level 6 of the Lair of Beasts
 11600 | Lair:6   | Reached skill level 14 in Unarmed Combat
 11915 | Lair:6   | Reached skill level 15 in Unarmed Combat
 11996 | Lair:6   | Received a gift from Trog
 12253 | Lair:6   | Noticed Snorg
 12272 | Lair:6   | Killed Snorg
 12810 | D:9      | Bought a potion of mutation for 80 gold pieces
 13073 | Snake:1  | Entered Level 1 of the Snake Pit
 13175 | Snake:1  | Reached skill level 16 in Unarmed Combat
 13320 | Snake:1  | Found Zistruut's Gadget Emporium.
 13322 | Snake:1  | Found Gepeti's Antique Weapon Shoppe.
 13325 | Snake:1  | Found Gyok's Magic Scroll Emporium.
 13349 | Snake:1  | Found Lobbymos's Book Boutique.
 13692 | Snake:2  | Noticed a nagaraja
 13828 | Snake:2  | Killed a nagaraja
 13828 | Snake:2  | Reached XP level 14. HP: 158/158 MP: 13/13
 13883 | Snake:2  | Noticed a nagaraja
 13902 | Snake:2  | Killed a nagaraja
 13917 | Snake:2  | Reached skill level 17 in Unarmed Combat
 14083 | Snake:2  | Identified a scroll of acquirement
 14086 | Snake:2  | Got obsidian-encrusted ice dragon scales
 14097 | Snake:2  | Identified the +8 ice dragon scales of the Beggar {rF- rC++ Dex+5 Slay+3} (You acquired it on level 2 of the Snake Pit)
 14218 | Snake:3  | Reached skill level 1 in Armour
 14309 | Snake:3  | Noticed Jorgrun
 14325 | Snake:3  | Killed Jorgrun
 15044 | Snake:3  | Reached skill level 5 in Armour
 15051 | Snake:4  | Entered Level 4 of the Snake Pit
 15149 | Snake:4  | Reached skill level 1 in Shields
 15261 | Snake:4  | Noticed Aizul
 15269 | Snake:4  | Killed Aizul
 15405 | Snake:4  | Noticed a nagaraja
 15408 | Snake:4  | Noticed a nagaraja
 15412 | Snake:4  | Noticed a nagaraja
 15417 | Snake:4  | Noticed a nagaraja
 15522 | Snake:4  | Killed a nagaraja
 15526 | Snake:4  | Received a gift from Trog
 15539 | Snake:4  | Noticed Vashnia
 15556 | Snake:4  | Reached XP level 15. HP: 32/167 MP: 14/14
 15564 | Snake:4  | Reached skill level 5 in Shields
 15567 | Snake:4  | Killed a nagaraja
 16188 | Snake:4  | Killed Vashnia
 16426 | Snake:4  | Noticed a nagaraja
 16748 | Snake:4  | Killed a nagaraja
 16832 | Snake:4  | Noticed a nagaraja
 16848 | Snake:4  | Killed a nagaraja
 16848 | Snake:4  | Reached skill level 10 in Shields
 16853 | Snake:4  | Killed a nagaraja
 16868 | Snake:4  | Received a gift from Trog
 17020 | Snake:4  | Killed a nagaraja
 17060 | Snake:4  | Got a serpentine rune of Zot
 17369 | Swamp:1  | Entered Level 1 of the Swamp
 17426 | Swamp:1  | Reached XP level 16. HP: 175/177 MP: 15/15
 18740 | Swamp:3  | Received a gift from Trog
 18984 | Swamp:4  | Entered Level 4 of the Swamp
 19057 | Swamp:4  | Noticed a thorn hunter
 19061 | Swamp:4  | Killed a thorn hunter
 19253 | Swamp:4  | Noticed a thorn hunter
 19269 | Swamp:4  | Killed a thorn hunter
 19613 | Swamp:4  | Received a gift from Trog
 19831 | Swamp:4  | Got a decaying rune of Zot
 20540 | D:11     | Noticed TheWayOfAllFlesh's ghost (journeyman VSEn)
 20557 | D:11     | Killed TheWayOfAllFlesh's ghost
 20598 | D:11     | Noticed MalkierKing's ghost (journeyman MiFi)
 20606 | D:11     | Killed MalkierKing's ghost
 20759 | D:11     | Found Omacsyza's Armour Shoppe.
 21212 | D:12     | Received a gift from Trog
 21215 | D:12     | Found a labyrinth entrance.
 21234 | D:12     | Found a shimmering altar of Xom.
 21441 | D:12     | Found a staircase to the Orcish Mines.
 21612 | Lab      | Entered a labyrinth
 22003 | Lab      | Reached XP level 17. HP: 183/183 MP: 16/16
 22286 | Orc:1    | Entered Level 1 of the Orcish Mines
 22480 | Orc:2    | Entered Level 2 of the Orcish Mines
 22528 | Orc:2    | Found a roughly hewn altar of Beogh.
 22572 | Orc:2    | Found a staircase to the Elven Halls.
 22581 | Orc:2    | Paralysed by an orc sorcerer for 3 turns
 22617 | Orc:2    | Found a roughly hewn altar of Beogh.
 22783 | Orc:2    | Received a gift from Trog
 22987 | Orc:2    | Found Qiwnyuho's General Store.
 22991 | Orc:2    | Found Gacoe's Antique Weapon Shoppe.
 23070 | Orc:2    | Found Tiesilag's Antique Armour Shoppe.
 23085 | Orc:2    | Received a gift from Trog
 23135 | Orc:2    | Found Yporghiy's Book Shoppe.
 23822 | D:13     | Reached skill level 15 in Shields
 23826 | D:13     | Reached ****** piety under Trog
 23838 | D:13     | Found a gate to the Vaults.
 23998 | D:13     | Found Baat's General Store.
 24084 | D:13     | Found a runed door.
 24609 | Vaults:1 | Entered Level 1 of the Vaults
 25253 | Vaults:1 | Found the ring of the Octopus King
 25266 | Vaults:1 | Got a ring of the Octopus King
 25269 | Vaults:1 | Identified a ring of the Octopus King {MP+9 AC+1 EV+1 Str+1 Int+1 Dex+1} (You found it on level 1 of the Vaults)
 25291 | Vaults:1 | Received a gift from Trog
 26242 | Vaults:2 | Paralysed by an ogre mage for 4 turns
 26247 | Vaults:2 | Slain by a vault warden

Skill      XL: |  1  2  3  4  5  6  7  8  9 10 11 12 13 14 15 16 17 |
---------------+----------------------------------------------------+-----
Unarmed Combat | 4 5 7 8 9 12 13 16 17 | 17.6
Dodging        | 5 9 11 | 11.2
Fighting       | 6 10 | 10.6
Armour         | 5 9 |  9.6
Shields        | 4 10 14 15 | 15.2

Action                   |  1- 3 |  4- 6 |  7- 9 | 10-12 | 13-15 | 16-18 || total
-------------------------+-------+-------+-------+-------+-------+-------++-------
Melee: Unarmed           |    67 |   109 |   257 |   488 |   773 |  1046 ||  2740
       Punch             |     1 |     5 |    13 |    37 |    37 |       ||    93
       Kick              |       |       |       |   164 |   295 |   499 ||   958
Invok: Berserk           |       |     1 |     1 |     2 |    20 |     8 ||    32
       Brothers in Arms  |       |       |       |     7 |     8 |     4 ||    19
       Burn Spellbooks   |       |       |       |       |       |     4 ||     4
 Abil: Evoke Flight      |       |       |       |       |       |     2 ||     2
  Use: Scroll            |     4 |     5 |     9 |    13 |    16 |     7 ||    54
       Potion            |       |     2 |       |     5 |    12 |     3 ||    22
 Stab: Sleeping          |       |     1 |     5 |     1 |       |       ||     7
       Confused          |       |       |       |       |       |     1 ||     1
  Eat: Chunk             |    13 |    15 |    28 |    55 |    25 |    67 ||   203
       Ration            |       |       |       |       |    15 |     8 ||    23
Armor: Animal skin       |    32 |    39 |    62 |    73 |    30 |       ||   236
       Skin              |       |       |     1 |       |       |       ||     1
       Troll leather arm |       |       |       |       |    28 |       ||    28
       Ice dragon scales |       |       |       |       |    96 |   246 ||   342
Dodge: Dodged            |    32 |    51 |   121 |   321 |   544 |   392 ||  1461
Block: Large shield      |       |       |       |       |   276 |   901 ||  1177
